Map: Ley Lines

Players

HeroMarine - Winner!

  • Race: Terran Terran
  • Spawn Location: 7:00

Lambo

  • Race: Zerg Zerg
  • Spawn Location: 1:00

Event: Esports World Cup 2025

VOD

Have the link to the VOD?

Description

Time

  • Played on: July 22, 2025, 9:17 a.m.
  • Length: 19:18

All games in this series

Show
View Real Time Build Order
Export as new Build Order

HeroMarine Terran - Winner!

Build Orders: Reaper Expand, Mech 

Get SALT Encoding   

  12  0:00  SCV  
  13  0:12  SCV  
  14  0:16  Supply Depot  
  14  0:24  SCV  
  15  0:38  SCV  
  15  0:40  Barracks  
  15  0:42  Refinery  
  16  0:50  SCV  
  17  1:02  SCV  
  18  1:14  SCV  
  19  1:27  Orbital Command, Reaper  
  20  1:38  Command Center  
  20  1:45  Supply Depot  
  20  1:52  SCV  
  21  1:59  Marine  
  22  2:04  SCV  
  22  2:08  Factory  
  23  2:16  Marine, SCV  
  25  2:29  SCV  
  26  2:35  Command Center  
  26  2:36  Barracks Reactor  
  24  2:41  SCV  
  25  2:53  Hellion, SCV  
  28  3:00  Command Center  
  28  3:05  SCV  
  29  3:13  Starport  
  29  3:17  Refinery  
  29  3:18  SCV  
  30  3:30  SCV  
  31  3:34  Barracks Tech Lab  
  31  3:47  Hellion x2, SCV  
  36  3:58  Banshee  
  36  3:59  SCV  
  36  4:00  Cloaking Field  
  36  4:02  Marine  
  41  4:06  Orbital Command  
  41  4:11  SCV  
  41  4:14  Orbital Command  
  42  4:22  Hellion  
  42  4:23  Hellion, SCV  
  47  4:32  SCV  
  47  4:35  SCV  
  49  4:41  Banshee  
  49  4:43  SCV  
  49  4:44  SCV  
  58  4:47  SCV  
  55  4:55  Supply Depot x2, SCV  
  55  4:56  Refinery, SCV  
  55  4:57  Refinery  
  55  4:59  SCV  
  58  5:02  Hyperflight Rotors  
  58  5:07  Factory  
  58  5:08  SCV x2  
  58  5:09  Factory  
  60  5:16  SCV  
  60  5:17  Hellion x2  
  60  5:19  Supply Depot  
  60  5:20  SCV x2  
  67  5:22  Supply Depot  
  67  5:28  SCV  
  68  5:32  SCV x2  
  68  5:33  Banshee  
  73  5:40  SCV  
  74  5:44  Hellion, Supply Depot, SCV x2  
  74  5:47  Hellion  
  80  5:52  SCV  
  80  5:56  SCV x2, Factory Tech Lab x2  
  83  6:04  SCV  
  83  6:07  Factory  
  83  6:08  Factory, SCV  
  83  6:09  SCV  
  86  6:15  Refinery  
  86  6:16  Refinery, SCV  
  87  6:18  Cyclone, Supply Depot  
  87  6:20  SCV  
  87  6:21  SCV  
  87  6:23  Cyclone  
  94  6:28  SCV  
  94  6:32  Banshee, SCV  
  99  6:33  SCV  
  99  6:34  Supply Depot  
  99  6:39  Supply Depot  
  100  6:40  SCV, Infernal Pre-Igniter  
  100  6:43  Mag-Field Accelerator  
  100  6:44  SCV  
  100  6:45  SCV  
  99  6:50  Siege Tank  
  99  6:52  SCV  
  103  6:55  Siege Tank  
  103  6:56  SCV  
  103  6:57  SCV  
  103  6:59  Factory Reactor  
  103  7:01  Supply Depot, Factory Tech Lab  
  108  7:02  Engineering Bay  
  108  7:04  Hellion  
  108  7:05  SCV  
  108  7:08  Hellion  
  113  7:09  SCV x2  
  113  7:14  Supply Depot  
  115  7:15  Armory  
  115  7:19  SCV  
  115  7:20  Siege Tank  
  115  7:21  Banshee, SCV  
  122  7:27  Siege Tank  
  125  7:34  Siege Tank  
  131  7:39  Hellion x2  
  131  7:42  Supply Depot  
  131  7:43  Supply Depot  
  131  7:44  Hellion x2, SCV x2  
  134  7:45  SCV  
  129  7:52  Siege Tank  
  117  7:59  Hellion  
  117  8:00  Hellion x2, SCV x2  
  117  8:02  SCV  
  117  8:05  Hellion  
  111  8:06  Siege Tank  
  103  8:12  SCV  
  103  8:13  SCV  
  103  8:14  SCV  
  103  8:19  Banshee  
  106  8:23  Cyclone  
  106  8:25  SCV x2  
  106  8:26  SCV  
  115  8:37  SCV x2  
  115  8:38  Cyclone, SCV  
  121  8:47  Command Center  
  121  8:49  SCV x2  
  121  8:55  Cyclone  
  127  8:56  Terran Vehicle Weapons Level 1  
  127  9:02  Banshee  
  129  9:04  Factory  
  129  9:05  Factory  
  129  9:11  Cyclone x2  
  129  9:12  SCV x2  
  129  9:16  SCV  
  135  9:21  Factory  
  135  9:26  Supply Depot  
  135  9:27  Cyclone, Sensor Tower  
  135  9:28  Missile Turret, Supply Depot  
  135  9:30  Hellion  
  140  9:37  Hellion x2  
  140  9:38  Hellion  
  146  9:43  Cyclone  
  149  9:47  Cyclone, Supply Depot  
  149  9:48  Supply Depot x2, SCV x2  
  150  9:55  Factory Tech Lab  
  150  9:58  Factory Tech Lab  
  150  9:59  Cyclone  
  149  10:07  SCV x2, Factory Tech Lab  
  148  10:08  SCV  
  148  10:13  Siege Tank  
  152  10:15  Cyclone  
  152  10:19  Siege Tank  
  152  10:20  Siege Tank  
  161  10:22  Hellion x3  
  161  10:23  Smart Servos  
  161  10:24  Refinery x2, Hellion  
  165  10:29  SCV x2  
  165  10:30  SCV  
  165  10:31  Siege Tank  
  165  10:35  Siege Tank  
  168  10:45  Hellion, Siege Tank  
  168  10:46  Hellion x2  
  168  10:47  Hellion  
  178  10:50  Hellion  
  178  10:52  Starport Reactor  
  178  10:54  Planetary Fortress  
  178  10:59  Cyclone x2  
  184  11:10  SCV x2  
  184  11:11  SCV  
  187  11:13  Siege Tank x2  
  189  11:22  Cyclone, SCV x2  
  189  11:23  Cyclone, SCV  
  194  11:31  Cyclone  
  187  11:34  SCV  
  187  11:36  Terran Vehicle Weapons Level 2  
  188  11:42  Missile Turret  
  188  11:44  Command Center  
  188  11:49  Medivac x2  
  184  11:56  Cyclone x2  
  185  12:02  Cyclone  
  185  12:05  Cyclone  
  185  12:08  SCV  
  172  12:09  SCV x2  
  172  12:11  Cyclone  
  172  12:15  Hellion x2  
  163  12:16  Cyclone  
  163  12:17  Hellion  
  163  12:19  Hellion  
  163  12:28  Cyclone x2  
  160  12:34  Cyclone  
  160  12:36  Hellion x2  
  167  12:38  Hellion  
  167  12:43  Cyclone  
  160  12:48  Hellion, Cyclone  
  160  12:50  Hellion  
  152  12:58  Hellion x2  
  156  12:59  Cyclone  
  156  13:00  Cyclone  
  156  13:02  SCV x2  
  162  13:08  Cyclone x2  
  164  13:15  Cyclone  
  164  13:18  Hellion x2  
  163  13:20  Cyclone  
  163  13:22  Viking  
  147  13:27  SCV  
  147  13:31  Viking, Cyclone  
  147  13:32  Siege Tank  
  153  13:35  Hellion  
  153  13:36  Hellion  
  153  13:40  Siege Tank  
  158  13:42  Planetary Fortress  
  158  13:44  Siege Tank  
  161  13:52  Siege Tank  
  162  13:58  Siege Tank  
  162  13:59  Viking  
  162  14:01  Hellion x2  
  171  14:04  Viking  
  171  14:09  Siege Tank  
  173  14:14  Cyclone  
  173  14:22  Cyclone  
  176  14:25  Command Center  
  176  14:27  Terran Vehicle And Ship Armor Level 1  
  176  14:29  Cyclone  
  176  14:35  Cyclone  
  176  14:37  Hellion x2  
  183  14:41  Cyclone, Viking  
  183  14:45  Hellion x2  
  192  14:52  Siege Tank  
  195  14:54  Siege Tank  
  198  15:01  Viking  
  198  15:02  Unknown, Command Center  
  196  15:18  Cyclone  
  193  15:23  Siege Tank x2  
  193  15:24  Siege Tank  
  193  15:27  Hellion  
  200  15:33  Cyclone x2  
  200  15:34  Hellion x3  
  177  15:48  Hellion  
  179  15:50  Hellion  
  179  15:55  Hellion x4  
  192  15:57  Refinery  
  192  15:58  Hellion  
  192  15:59  Refinery  
  192  16:00  Missile Turret  
  192  16:05  Viking  
  192  16:08  Viking  
  200  16:15  Orbital Command  
  183  16:26  Thor x2  
  183  16:27  Thor  
  183  16:30  Thor x2  
  188  16:37  Thor  
  188  16:38  Hellion  
  188  16:39  Hellion x2  
  185  16:41  Viking  
  185  16:43  Hellion  
  185  16:46  Viking  
  182  16:59  Planetary Fortress  
  182  17:01  Hellion x2  
  181  17:06  Hellion x2  
  183  17:09  Cyclone  
  183  17:11  Thor, Viking  
  191  17:18  Thor  
  197  17:29  Siege Tank  
  200  17:45  Missile Turret, Sensor Tower  
  188  18:08  Command Center  
  188  18:09  Starport  
  188  18:10  Fusion Core, Command Center  
  188  18:11  Factory  
  188  18:12  Factory  
  188  18:27  Missile Turret  
  188  18:28  Missile Turret x3  
  179  18:34  Thor  
  169  18:54  Hellion x2  
Show
View Real Time Build Order
Export as new Build Order

Lambo Zerg 

Build Orders: Pool First 

Get SALT Encoding   

  12  0:00  Drone  
  13  0:08  Drone  
  14  0:24  Spawning Pool  
  14  0:28  Drone  
  14  0:33  Extractor  
  14  0:34  Drone  
  15  0:41  Overlord  
  15  1:01  Drone  
  15  1:04  Hatchery  
  16  1:11  Zergling x4  
  16  1:15  Zergling x2  
  18  1:23  Zergling x2  
  19  1:30  Queen  
  21  1:35  Zergling x2  
  22  1:45  Overlord  
  22  2:04  Drone  
  22  2:06  Drone, Queen  
  26  2:16  Drone  
  27  2:23  Drone  
  27  2:29  Drone x2  
  29  2:34  Hatchery  
  26  2:38  Drone  
  26  2:39  Drone  
  26  2:40  Drone  
  26  2:43  Drone  
  28  2:48  Drone  
  28  2:50  Drone  
  30  2:59  Overlord  
  30  3:02  Drone  
  30  3:04  Queen  
  33  3:10  Drone  
  34  3:14  Drone x2  
  34  3:15  Extractor  
  34  3:16  Drone  
  34  3:18  Drone x2  
  38  3:20  Drone  
  38  3:24  Drone  
  40  3:28  Roach Warren  
  40  3:30  Drone  
  40  3:33  Drone  
  41  3:36  Drone x2  
  43  3:47  Evolution Chamber  
  44  3:49  Drone  
  44  3:50  Queen  
  44  3:51  Drone x2  
  44  3:54  Extractor  
  46  3:57  Overlord  
  46  4:02  Drone  
  47  4:05  Drone  
  48  4:11  Drone x2  
  48  4:13  Overlord x2  
  50  4:18  Roach x4  
  58  4:31  Evolution Chamber  
  57  4:32  Drone x2, Evolution Chamber  
  57  4:33  Overlord  
  57  4:36  Drone x4  
  57  4:37  Drone  
  63  4:42  Overlord  
  63  4:44  Drone x2  
  67  4:47  Queen  
  67  4:49  Overlord  
  69  4:54  Lair  
  69  4:55  Drone  
  70  5:04  Hatchery  
  70  5:05  Drone  
  70  5:06  Spore Crawler  
  69  5:07  Drone  
  69  5:10  Spore Crawler  
  69  5:12  Roach  
  71  5:14  Drone x3  
  71  5:16  Drone  
  71  5:18  Drone x2  
  71  5:20  Spore Crawler  
  76  5:26  Drone x5  
  81  5:28  Extractor  
  81  5:30  Extractor  
  81  5:33  Drone x2  
  81  5:34  Drone  
  82  5:37  Drone x2  
  82  5:38  Zerg Ground Armor Level 1, Extractor  
  82  5:39  Drone  
  82  5:41  Drone  
  85  5:43  Extractor  
  85  5:47  Overlord  
  84  5:50  Drone x5  
  84  5:51  Overseer  
  84  5:53  Overseer  
  84  5:54  Glial Reconstitution  
  89  5:58  Overlord  
  89  6:02  Drone  
  88  6:06  Pneumatized Carapace  
  88  6:07  Evolution Chamber  
  88  6:08  Overlord  
  86  6:16  Queen  
  86  6:18  Roach x7  
  103  6:20  Evolution Chamber  
  103  6:24  Roach x3  
  108  6:30  Infestation Pit  
  108  6:32  Roach x2  
  111  6:38  Overlord  
  111  6:39  Roach x4  
  119  6:43  Overlord  
  119  6:45  Overlord  
  120  6:47  Overlord  
  120  6:51  Overlord  
  120  6:53  Overlord  
  120  6:56  Queen  
  120  6:59  Roach x3  
  128  7:02  Ravager x2  
  128  7:05  Queen  
  134  7:08  Roach x4  
  134  7:11  Ravager x2  
  134  7:12  Overlord  
  134  7:15  Roach x2  
  146  7:18  Roach x2  
  146  7:20  Roach  
  146  7:21  Roach  
  154  7:25  Roach  
  154  7:26  Roach x2  
  157  7:36  Roach x6  
  168  7:51  Roach x7  
  168  7:55  Roach x4  
  141  8:06  Roach x7  
  141  8:11  Hydralisk Den  
  141  8:12  Drone x4  
  135  8:21  Drone x4  
  135  8:26  Spore Crawler  
  135  8:27  Overseer, Zerg Missile Weapons Level 1  
  138  8:31  Overlord  
  138  8:34  Infestor x2  
  136  8:36  Drone x3  
  136  8:39  Extractor  
  136  8:40  Drone x3  
  141  8:42  Evolution Chamber  
  141  8:43  Extractor  
  141  8:45  Spore Crawler  
  139  8:49  Drone x6  
  139  8:52  Spore Crawler  
  139  8:54  Queen  
  144  8:57  Drone x4  
  144  9:01  Hydralisk x3  
  144  9:02  Ravager  
  155  9:07  Hive  
  155  9:11  Overlord  
  155  9:15  Overlord  
  155  9:16  Overlord  
  155  9:18  Overlord  
  155  9:19  Overlord  
  155  9:20  Overlord  
  155  9:21  Overlord  
  155  9:24  Overlord  
  155  9:25  Overseer  
  155  9:26  Overlord  
  155  9:30  Muscular Augments  
  155  9:33  Hydralisk x2  
  155  9:36  Hydralisk x3  
  165  9:40  Ravager x2  
  165  9:41  Hydralisk x2  
  171  9:50  Hydralisk x5  
  181  9:56  Hatchery  
  180  10:02  Hydralisk  
  180  10:03  Hydralisk x3  
  184  10:09  Hydralisk x4  
  190  10:15  Drone x2  
  190  10:17  Overlord  
  192  10:25  Evolution Chamber  
  192  10:27  Viper x2  
  197  10:29  Zerg Missile Weapons Level 2  
  197  10:31  Overlord  
  197  10:34  Overlord  
  197  10:35  Overlord  
  198  10:37  Overlord  
  198  10:53  Overlord  
  192  11:00  Viper x2  
  198  11:05  Metabolic Boost, Grooved Spines  
  192  11:18  Viper  
  195  11:20  Hydralisk  
  195  11:21  Zergling x6  
  195  11:22  Overlord  
  200  11:26  Hatchery  
  175  11:35  Overseer  
  175  11:37  Spire  
  174  11:50  Hatchery  
  166  11:55  Hydralisk x8  
  166  11:56  Hydralisk x7, Roach x2  
  194  12:07  Hydralisk x5  
  194  12:14  Extractor  
  175  12:16  Hydralisk x3  
  175  12:17  Roach x2  
  175  12:19  Extractor  
  175  12:20  Roach x3  
  175  12:21  Overlord  
  188  12:23  Roach x2  
  188  12:27  Zergling x10  
  183  12:30  Zergling x6  
  183  12:32  Roach  
  176  12:43  Roach x6  
  170  12:49  Roach x4  
  170  12:50  Roach  
  170  12:51  Roach x2  
  159  12:52  Ravager x2  
  159  12:53  Roach x2  
  159  12:56  Roach  
  161  12:59  Roach x3  
  161  13:03  Ravager, Roach x2  
  161  13:04  Roach x4  
  173  13:08  Roach  
  173  13:09  Queen x2  
  173  13:12  Roach x3  
  183  13:14  Roach  
  168  13:20  Roach x4  
  168  13:25  Roach  
  168  13:26  Roach x3  
  168  13:30  Zergling x2  
  168  13:33  Hydralisk x3  
  164  13:37  Overlord  
  164  13:39  Zergling x6  
  167  13:41  Overlord  
  167  13:47  Zerg Missile Weapons Level 3  
  166  13:48  Hydralisk  
  166  13:52  Hydralisk  
  170  13:57  Zergling x6  
  170  13:59  Infestor  
  175  14:07  Zergling x10  
  179  14:13  Greater Spire  
  179  14:15  Zergling x10  
  182  14:28  Infestor x2  
  182  14:31  Zergling x18  
  192  14:34  Zergling x4  
  192  14:36  Unknown  
  183  14:39  Zergling x8  
  187  14:48  Hatchery  
  187  14:50  Hydralisk  
  188  14:58  Corruptor x2  
  192  15:02  Corruptor  
  195  15:16  Corruptor x2  
  195  15:24  Corruptor  
  195  15:26  Hatchery  
  184  15:47  Hatchery, Brood Lord x4  
  187  15:54  Brood Lord  
  188  16:05  Brood Lord  
  188  16:14  Hydralisk x3  
  193  16:22  Zergling x4  
  161  16:37  Hydralisk x3  
  161  16:43  Infestor  
  161  16:45  Drone  
  162  16:51  Infestor  
  157  17:05  Viper x3  
  166  17:12  Drone x2  
  168  17:30  Drone x3  
  171  17:37  Corruptor  
  171  17:38  Corruptor x3  
  179  17:44  Evolution Chamber  
  173  17:57  Extractor  
  160  17:59  Viper x2  
  160  18:00  Viper  
  160  18:01  Hydralisk  
  160  18:05  Hatchery  
  169  18:17  Brood Lord  
  171  18:20  Brood Lord  
  171  18:26  Brood Lord  
  172  18:27  Zergling x2  
  171  18:38  Hydralisk x3  
  160  18:53  Hydralisk x3  
  160  18:54  Zergling x2  
Tags
 
Add a new tag
Caveats
  • Supply blocks, unpowered buildings, or Contaminate may cause inaccurate times.
  • Supply counts are checked every 10 seconds.